 BcadrenCrawl: Boulder Brew version 0.03.3.1-25-g7b9318e587 (webtiles) character file.

Game seed: 12531252399761286223, levelgen mode: deterministic

67 Chiseanne the Ducker (level 4, -3/31 HPs) Goblin Demonspawn. Began on Mar 18, 2021. Slain by a big kobold ... wielding a +0 whip (7 damage) ... on level 2 of the Dungeon. The game lasted 00:01:21 (500 turns).

Chiseanne the Ducker (Goblin Demonspawn)             Turns: 500, Time: 00:01:21

Health: -3/31      AC:  5    Str:  8    XL:     4 ^: 43
Magic:  5/5        EV: 13    Int:  6    God:
Gold:   36         SH:  0    Dex:  6    Spells: 4/5 levels left

rFire    . . .     Vision   .   a - +0 rapier
rCold    . . .     Gourm    .   j - +0 short sword
rNeg     . . .     Faith    .   g - +0 ring mail
rPois    .         Spirit   .   (no helmet)
rElec    .         Reflect  .   (no cloak)
rCorr    .         Harm     .   (no gloves)
MR       .....                  (no boots)
Stlth    +.........             (no amulet)
HPRegen  0.20/turn              (no ring)
MPRegen  0.15/turn              (no ring)

@: lethally poisoned (-3 -> -4)
A: small, stagnant stats, goblin's greed, hooves 1, low mp 1, mutation
resistance 1, spiny 1, god's pity 2
a: no special abilities


You were on level 2 of the Dungeon.
You were not hungry.

You visited 1 branch of the dungeon, and saw 2 of its levels.

You collected 30 gold pieces.

Inventory:

Weapons
 a - a +0 rapier (weapon)
 j - a +0 short sword (weapon)
Armour
 g - a +0 ring mail (worn)
Jewellery
 f - a cursed ring of intelligence {(Curse: *Drain)}
Scrolls
 e - a scroll of teleportation
 h - 2 scrolls of amnesia
 i - a scroll of enchantment
Potions
 b - a potion of curing
 c - a potion of brilliance
Comestibles
 d - 6 rations


   Skills:
 * Level 3.1 Fighting
 - Level 2.6 Short Blades
 * Level 1.6 Armour
 * Level 5.0 Dodging
 - Level 2.6 Stealth
 - Level 1.3 Spellcasting
 - Level 2.6 Fire Magic
   Level 4.0 Invocations


You had 4 spell levels left.
You knew the following spells:

 Your Spells              Type           Power        Failure   Level  Hunger
a - Flame Tongue          Fire           3 (30)       26%         1    ##.....

Your spell library contained the following spells:

 Spells                   Type           Power        Failure   Level  Hunger
 Conjure Flame            Fire           3 (100)      58%         3    ####...
 Blink                    Tloc           N/A          75%         2    ###....
 Call Imp                 Summ           0 (100)      75%         2    ###....
 Slow                     Hex            0 (100)      75%         2    ###....
 Mephitic Cloud           Pois/Air       0 (100)      92%         3    ####...


Dungeon Overview and Level Annotations

Branches:
Dungeon (2/8)

Altars:


Innate Abilities, Weirdness & Mutations

Your stats never grow through leveling.
Your goblin ancestry allows you to find more gold. (+20%)
You are small and have problems with some larger weapons.
You have large cloven feet.
Your magical capacity is low. (-10% MP)
You are somewhat resistant to further mutation.
You are partially covered in sharp spines.
The pity of the gods increases the power of your passive and invoked divine abilities.


Message History

The bat skeleton is struck by your spines (4).
The bat skeleton hits you but does no damage.
The kobold closely misses you (0).
The big kobold is struck by your spines (2).
The big kobold hits you with a +0 whip (1).
The kobold is struck by your spines (3).
You kill the kobold!
You hit the big kobold (4). You hit the big kobold (1).
Your kick misses the big kobold.
You feel sick. (1)
The bat skeleton is struck by your spines (5).
You destroy the bat skeleton!
A sewer rat comes into view.
The big kobold hits you with a +0 whip (3).
* * * LOW HITPOINT WARNING * * *
The kobold hits you with a +0 whip (2).
* * * LOW HITPOINT WARNING * * *
The big kobold is struck by your spines (1).
The big kobold hits you with a +0 whip (7)!
You die...

#.....P ...≈#
#≈≈.≈≈P ..r..
#≈≈≈≈≈P# ≈....≈
#≈≈≈≈≈P# ...≈.#
#P≈PPP≈# #rr..#
#.≈PP≈P#
##r...#
#...≈≈.###KK..#
#≈≈....#≈#@K≈#
#≈≈≈≈≈......≈#
#≈≈≈≈≈.#....##
#.≈P≈≈.#...##
#...PP..≈...#
#.≈....#....≈#
#.≈≈≈≈.#.....#
#.≈≈≈≈≈#....##
#.≈≈≈≈≈#...##


You could see a big kobold, 4 sewer rats and 2 kobolds.

Vanquished Creatures
  An adder (D:2)
  3 cinder newts (D:1)
  An ooze (D:2)
  A dart slug (D:1)
  A leopard gecko (D:1)
  7 bats (D:1)
  2 goblins (D:1)
  5 hobgoblins (D:1)
  5 kobolds
  2 ball pythons (D:1)
  A bat skeleton (D:2)
  A kobold skeleton (D:2)
  3 rats (D:1)
  A withered plant (D:2)
34 creatures vanquished.

Vanquished Creatures (others)
  8 withered plants (D:2)
8 creatures vanquished.

Grand Total: 42 creatures vanquished

Notes
Turn   | Place    | Note
-------+----------+-------------------------------------------
     0 | D:1      | Chiseanne the Goblin Demonspawn began the quest for the
                  | Orb.
     0 | D:1      | Reached XP level 1. HP: 13/13 MP: 2/2
    40 | D:1      | Gained mutation: You are partially covered in sharp spines.
                  | [demonic ancestry]
    40 | D:1      | Reached XP level 2. HP: 12/19 MP: 3/3
   132 | D:1      | Reached XP level 3. HP: 25/25 MP: 4/4
   267 | D:1      | Reached skill level 1 in Armour
   399 | D:1      | Gained mutation: You have large cloven feet. [demonic
                  | ancestry]
   399 | D:1      | Reached XP level 4. HP: 30/30 MP: 5/5
   491 | D:2      | Noticed a big kobold
   496 | D:2      | Reached skill level 5 in Dodging
   500 | D:2      | Slain by a big kobold

Levels and vault maps discovered:
D:1:      ncdulo_smallfort, layout_basic, first_ration
D:2:      layout_sewer

Skill      XL: |  1  2  3  4 |
---------------+-------------+-----
Fighting       | 2 3 |  3.1
Armour         | 1 |  1.6
Dodging        | 5 |  5.0
Short Blades   | |  2.6
Stealth        | |  2.6
Spellcasting   | |  1.3
Fire Magic     | |  2.6
Invocations    | |  4.0

Action                   |  1- 3 |  4- 6 || total
-------------------------+-------+-------++-------
Melee: Rapier            |    48 |    17 ||    65
       Unarmed           |    23 |       ||    23
       Short sword       |     9 |    14 ||    23
       Kick              |       |     1 ||     1
Armor: Leather armour    |     3 |       ||     3
       Ring mail         |     5 |     8 ||    13
Dodge: Dodged            |    37 |    12 ||    49
